 Dungeon Crawl Stone Soup version 0.31-a0-618-g7ca08c1ff9 (console) character file.

Game seed: 5816102206817404195

11 petzl the Sneak (level 2, -5/24 HPs)
             Began as a Formicid Delver on Aug 22, 2023.
             Slain by a sun demon (13 damage)
             ... summoned by a kobold demonologist
             ... on level 11 of the Dungeon.
             The game lasted 00:07:13 (1187 turns).

petzl the Sneak (Formicid Delver)                   Turns: 1187, Time: 00:07:14

Health: -5/24      AC: 11    Str: 16    XL:     2   Next: 35%
Magic:  2/2        EV: 11    Int:  9    God:
Gold:   112        SH:  0    Dex: 15    Spells: 1/1 levels left

rFire   . . .        n - +2 quarterstaff (pain)
rCold   . . .        (no shield)
rNeg    . . .        p - +5 ring mail "Hoant" {rElec SInv Stlth-}
rPois   .            (helmet unavailable)
rElec   +            (no cloak)
rCorr   .            k - +0 pair of gloves
SInv    +            (no boots)
Will    .....        (no amulet)
Stlth   ++           (no ring)
HPRegen 0.24/turn    (no ring)
MPRegen 0.08/turn

%: no passive effects
@: no status effects
A: permanent stasis, dig shafts and tunnels, antennae 3, four strong arms
a: Dig, Shaft Self


You were on level 11 of the Dungeon.
You visited 1 branch of the dungeon, and saw 8 of its levels.

You collected 112 gold pieces.

Inventory:

Hand Weapons
 n - a +2 quarterstaff of pain (weapon)
Missiles
 j - 12 stones (quivered)
Armour
 b - a +0 leather armour
 k - a +0 pair of gloves (worn)
 m - a +0 scale mail
 p - the +5 ring mail "Hoant" (worn) {rElec SInv Stlth-}
   (You found it on level 10 of the Dungeon)

   rElec:     It insulates you from electricity.
   SInv:      It lets you see invisible.
   Stlth-:    It makes you less stealthy.
Wands
 f - a wand of digging (3)
Scrolls
 a - a scroll of brand weapon {unknown}
 c - a scroll of fog
 d - a scroll of revelation
 i - 2 scrolls of enchant armour {unknown}
 s - a scroll of identify {unknown}
Potions
 e - a potion of enlightenment {unknown}
 g - a potion of mutation {unknown}
 h - 2 potions of cancellation
 l - a potion of brilliance {unknown}
 o - a potion of berserk rage {unknown}
 q - a potion of heal wounds {unknown}
 r - a potion of magic {unknown}


   Skills:
 + Level 3.5 Fighting
 - Level 2.2 Maces & Flails
 - Level 2.0 Dodging
 + Level 6.1 Stealth
 + Level 0.0 Spellcasting


You had one spell level left.
You didn't know any spells.
Your spell library contained the following spells:

 Spells                   Type           Power      Damage    Failure   Level
 Necrotise                Necr           0%         1d4       61%         1
 Inner Flame              Hex/Fire       0%         N/A       93%         3
 Vampiric Draining        Necr           0%         2d6       93%         3
 Flame Wave               Conj/Fire      0%         2d4       100%        4
 Sticky Flame             Conj/Fire      0%         2d3       100%        4
 Agony                    Necr           0%         N/A       100%        5


Dungeon Overview and Level Annotations

Branches:
Dungeon (12/15)
 Temple: D:4-7         Lair: D:8-11         Orc: D:9-12

Altars:
Ashenzari
Gozag
Qazlal
The Shining One

Annotations:
D:5 exclusion: jelly
D:6 exclusion: scorpion
D:10 1 transporter, exclusions: killer bee and 1 more exclusion
D:11 exclusion: sensed monster (detected)


Innate Abilities, Weirdness & Mutations

You cannot be hasted, slowed, berserked, paralysed or teleported.
You can dig through walls and to a lower floor.
You have a pair of large antennae on your head. (SInv)
Your four strong arms can wield two-handed weapons with a shield.


Message History

Unknown command.
The kobold demonologist miscasts a cantrip.
You hit the kobold demonologist.
The kobold demonologist is lightly wounded.
The kobold demonologist hits you but does no damage.
You closely miss the kobold demonologist.
The kobold demonologist is lightly wounded.
The kobold demonologist hits you with a +0 dagger.
You closely miss the kobold demonologist.
The kobold demonologist is lightly wounded.
The kobold demonologist hits you with a +0 dagger.
The kobold demonologist casts a spell.
You sock the kobold demonologist!
The kobold demonologist is moderately wounded.
The kobold demonologist casts a spell.
The ufetubus hits you. The ufetubus completely misses you.
You thump the kobold demonologist!
The kobold demonologist is heavily wounded.
The ufetubus barely misses you. The ufetubus completely misses you.
The kobold demonologist hits you but does no damage.
You closely miss the kobold demonologist.
The kobold demonologist is heavily wounded.
The ufetubus hits you but does no damage.
The ufetubus closely misses you.
The kobold demonologist hits you with a +0 dagger.
You barely miss the kobold demonologist.
The kobold demonologist is heavily wounded.
The kobold demonologist hits you but does no damage.
The sun demon hits you but does no damage.
The kobold demonologist looks satisfied for a moment.
You hit the kobold demonologist.
The kobold demonologist is heavily wounded.
The sun demon closely misses you.
The kobold demonologist completely misses you.
The sun demon closely misses you.
You thump the kobold demonologist!
The kobold demonologist is severely wounded.
The sun demon hits you!
You are engulfed in flames!
Ouch! That really hurt!
You die...

#.. #.# { +.# ##+ {#.#
.... #.# ..... #.# .....
#.# ......###.+
..........# ..........#
..........# ..........#
..........#
..........#########+##
#...............@K5.....
#.........#######35.....
#..######.# 5......
###..# #)# ....###
.....# #.# ....# .....#
#.# ....# .....#
#.####+##....+ .....#
#............# .....#
#.####### ####.# #.# #.#
#.# #.# #.# #.######.#
#..).....# ##########


You could see a sun demon (summoned), a kobold demonologist and 3 ufetubi.

Vanquished Creatures
  A gnoll (D:11)
  A ball python (D:5)
2 creatures vanquished.

Notes
Turn   | Place    | Note
-------+----------+-------------------------------------------
     0 | D:5      | petzl the Formicid Delver began the quest for the Orb.
     0 | D:5      | Reached XP level 1. HP: 18/18 MP: 1/1
    88 | D:5      | Found a broken altar of Ashenzari.
    97 | D:5      | Found an opulent altar of Gozag.
   417 | D:4      | Noticed a gnoll bouda
   423 | D:4      | You fall into a shaft and drop 2 floors!
   423 | D:6      | Found a glowing golden altar of the Shining One.
   488 | D:5      | Noticed a jelly
   548 | D:4      | Noticed an iguana
   551 | D:4      | Found a stormy altar of Qazlal.
   617 | D:4      | Noticed a hound
   632 | D:4      | You fall into a shaft and drop 2 floors!
   676 | D:6      | Noticed a scorpion
   688 | D:6      | Noticed a hound
   693 | D:6      | You fall into a shaft and drop 3 floors!
   706 | D:9      | Noticed an orc priest
   732 | D:10     | Entered Level 10 of the Dungeon
   732 | D:10     | Noticed a yaktaur
   732 | D:10     | Noticed an orc knight
   732 | D:10     | Noticed a vampire mosquito
   732 | D:10     | Found a transporter.
   733 | D:10     | Noticed an orc knight
   734 | D:10     | Noticed a stone giant
   734 | D:10     | Noticed an ettin
   789 | D:10     | Noticed a killer bee
   789 | D:10     | Noticed a killer bee
   812 | D:10     | Identified the +5 ring mail "Hoant" {rElec SInv Stlth-}
   873 | D:10     | Noticed an unseen horror
   917 | D:11     | Noticed a cyclops
   964 | D:10     | Noticed a shadow
   972 | D:10     | You fall into a shaft and drop 2 floors!
  1038 | D:12     | Noticed a green ugly thing
  1097 | D:11     | Reached XP level 2. HP: 17/24 MP: 2/2
  1175 | D:11     | Noticed a kobold demonologist
  1183 | D:11     | Noticed a sun demon
  1187 | D:11     | Slain by a sun demon

Illustrated notes

Levels and vault maps discovered:
D:4:      nicolae_cairo_tiling, layout_cave_pools,
          mainiacjoe_overflow_cross_hatched, grunt_qazlal_clouds,
          minmay_misc_feat_columns
D:5:      layout_basic, cheibrodos_ashenzari_chains, grunt_gozag_breadcrumbs,
          minmay_temple_entry_fiery, serial_shops, shop,
          chequers_serial_rivers_large_b, serial_bayou_pond_d,
          uniq_blork_the_orc, uniq_prince_ribbit1
D:6:      layout_loops_ring, mainiacjoe_overflow_catwalk
D:7:      layout_basic, mainiacjoe_overflow_alcove_1, uniq_jeremiah
D:9:      layout_stronghold, nicolae_xom_altar_mimics, elyvilon_altar_1,
          lemuel_doored_altar, fiery_altar_vehumet, led_sif_pool,
          lair_entry_dummy, erik_orc_4
D:10:     gammafunk_sealed_arena, layout_basic, nicolae_ru_awakened_eye
D:11:     dreamdust_isle_of_ice, layout_irregular_city, uniq_gastronok
D:12:     gammafunk_mikee_crab_dinner, layout_rooms, uniq_urug, uniq_lodul

Skill      XL: |  1 |
---------------+----+-----
Dodging        | 2 |  2.0
Fighting       | |  3.5
Maces & Flails | |  2.2
Stealth        | |  6.1

Action                     || total
---------------------------++-------
  Melee: Quarterstaff      ||    15
         Mace              ||     5
         Punch             ||     1
  Throw: Stone             ||     3
Ability: Shaft Self        ||     4
         Dig               ||     1
    Use: Scroll            ||     2
         Potion            ||     1
 Armour: Ring mail         ||     7
         Leather armour    ||     2
         Scale mail        ||     1
  Dodge: Dodged            ||    24

Table legend: (Time is in decaauts)
 A = Elapsed time spent in this place.
 B = Non-inter-level travel time spent in this place.
 C = Inter-level travel time spent in this place.
 D = Time resting spent in this place.
 E = Time spent auto-exploring this place.
 F = Levels seen in this place.
 G = Mean time per level.
                   A        B        C        D        E       F      G
               +--------+--------+--------+--------+--------+-----+--------+
         Total |   1220 |   1193 |     27 |    247 |    242 |   8 |  152.5 |
       Dungeon |   1220 |   1193 |     27 |    247 |    242 |   8 |  152.5 |
               +--------+--------+--------+--------+--------+-----+--------+

Top non-repeatable levels by time:
     D:5: 410 daAuts
    D:11: 204 daAuts
    D:10: 183 daAuts
     D:6: 164 daAuts
     D:4: 114 daAuts
    D:12: 70 daAuts
     D:9: 38 daAuts
     D:7: 33 daAuts
